 Dungeon Crawl Stone Soup version 0.30.0-30-g96aa6591b8 (webtiles) character file.

Game seed: 8111736117505203469

38 Fodor the Shield-Bearer (level 3, -1/33 HPs)
             Began as a Minotaur Fighter on June 30, 2023.
             Slain by a worm (3 damage)
             ... on level 2 of the Dungeon.
             The game lasted 00:03:37 (746 turns).

Fodor the Shield-Bearer (Minotaur Fighter)           Turns: 746, Time: 00:03:38

Health: -1/33      AC: 10    Str: 22    XL:     3   Next: 25%
Magic:  2/2        EV:  8    Int:  5    God:
Gold:   27         SH:  4    Dex:  9    Spells: 2/2 levels left

rFire   + + .        a - +0 long sword
rCold   x . .        c - +0 buckler
rNeg    . . .        f - +0 chain mail
rPois   .            (helmet restricted)
rElec   .            (no cloak)
rCorr   .            (no gloves)
SInv    .            e - +0 pair of boots
Will    .....        (no amulet) Stlth
                     j - ring of protection from fire
HPRegen 0.25/turn    l - ring of fire
MPRegen 0.08/turn

%: no passive effects
@: no status effects
A: horns 2, retaliatory headbutt
a: no special abilities


You were on level 2 of the Dungeon.
You visited 1 branch of the dungeon, and saw 2 of its levels.

You collected 27 gold pieces.

Inventory:

Hand Weapons
 a - a +0 long sword (weapon)
Missiles
 k - 5 poisoned darts (quivered)
 m - 6 boomerangs
Armour
 c - a +0 buckler (worn)
 e - a +0 pair of boots (worn)
 f - a +0 chain mail (worn)
Jewellery
 j - a ring of protection from fire (left hand)
 l - a ring of fire (right hand)
Scrolls
 g - a scroll of torment {unknown}
 h - a scroll of identify {unknown}
 i - a scroll of amnesia {unknown}
Potions
 b - a potion of mutation {unknown}
 d - a potion of might


   Skills:
 + Level 3.9 Fighting
 + Level 2.8 Long Blades
 + Level 4.0 Armour
 + Level 0.2 Dodging
 + Level 4.4 Shields


You had 2 spell levels left.
You didn't know any spells.
Your spell library contained the following spells:

 Spells                   Type           Power      Damage    Failure   Level
 Ozocubu's Armour         Ice            0%         N/A       100%        3
 Ozocubu's Refrigeration  Ice            0%         4d7       100%        7


Dungeon Overview and Level Annotations

Branches:
Dungeon (2/15)

Altars:

Annotations:
D:2 Jessica


Innate Abilities, Weirdness & Mutations

You have a pair of horns on your head.
You reflexively headbutt those who attack you in melee.


Message History

Jessica points at you and mumbles some strange words.
Pain shoots through your body! Jessica hits you but does no damage.
You slash Jessica! Your headbutt misses Jessica.
Jessica is severely wounded.
You block Jessica's attack. Jessica hits you with a +0 dagger.
The worm bites you but does no damage.
You closely miss Jessica. You headbutt Jessica, but do no damage.
Jessica is severely wounded.
Jessica mumbles some strange words.
Jessica blinks!
Jessica casts a spell.
Jessica blinks!
You block the worm's attack.
You barely miss the worm. You headbutt the worm.
The worm is lightly wounded.
The worm bites you!
* * * LOW HITPOINT WARNING * * *
You barely miss the worm.
The worm is lightly wounded.
The worm barely misses you.
You slash the worm!
The worm is moderately wounded.
Jessica casts a spell.
Jessica blinks!
You hit the worm.
The worm is heavily wounded.
The worm bites you but does no damage.
Jessica mumbles something strange.
You block Jessica's attack.
You hit the worm.
The worm is heavily wounded.
You block Jessica's attack. The worm bites you.
* * * LOW HITPOINT WARNING * * *
Jessica hits you with a +0 dagger.
* * * LOW HITPOINT WARNING * * *
You hit the worm.
The worm is severely wounded.
You block Jessica's attack. Jessica hits you with a +0 dagger.
* * * LOW HITPOINT WARNING * * *
The worm bites you.
You die...

#.# #.# ######.##
#.......#
......########
.$..........
#######.#w@.?....
.........@#..#
#######.#....#
#..<.....#..##
#......#.......
#........#..##..
#>.....#....# #
#........#..#
#......#....#
#........#....


You could see a worm and Jessica (fast).

Vanquished Creatures
  2 dart slugs (D:1)
  5 endoplasms
  4 giant cockroaches (D:1)
  3 goblins (D:1)
  A hobgoblin (D:1)
  2 kobolds (D:1)
  A ball python (D:1)
  9 bats
  2 frilled lizards (D:1)
  4 rats
33 creatures vanquished.

Notes
Turn   | Place    | Note
-------+----------+-------------------------------------------
     0 | D:1      | Fodor the Minotaur Fighter began the quest for the Orb.
     0 | D:1      | Reached XP level 1. HP: 19/19 MP: 0/0
   136 | D:1      | Reached XP level 2. HP: 27/27 MP: 1/1
   443 | D:1      | Reached XP level 3. HP: 33/33 MP: 2/2
   730 | D:2      | Noticed Jessica
   746 | D:2      | Slain by a worm

Illustrated notes

Levels and vault maps discovered:
D:1:      zelgadis_glass_arrival_small, layout_rooms
D:2:      layout_basic, shapermc_ecumenical_altar_venn,
          minmay_misc_feat_pillars, minivault_24, uniq_sigmund, uniq_jessica

Skill      XL: |  1  2 |
---------------+-------+-----
Shields        | 4 |  4.4
Armour         | 4 |  4.0
Fighting       | |  3.9
Long Blades    | |  2.8
Dodging        | |  0.2

Action                     || total
---------------------------++-------
  Melee: Long sword        ||    87
         Headbutt          ||     9
 Armour: Scale mail        ||    17
         Chain mail        ||    52
  Dodge: Dodged            ||    39
  Block: Buckler           ||    25
